 Dungeon Crawl Stone Soup version 0.18-b1-22-ge198996 (webtiles) character file.

676 Northaan the Cleaver (level 7, 66/66 HPs)
             Began as a Hill Orc Fighter on May 3, 2016.
             Quit the game in the Ecumenical Temple.
             The game lasted 00:05:39 (3550 turns).

Northaan the Cleaver (Hill Orc Fighter)             Turns: 3550, Time: 00:05:39

Health: 66/66      AC: 10    Str: 20    XL:     7   Next: 60%
Magic:  16/16      EV:  5    Int:  8    God:
Gold:   173        SH:  9    Dex: 11    Spells: 0 memorised, 6 levels left

rFire  . . .     SeeInvis .     a - +0 war axe
rCold  + . .     Gourm    .     y - +0 chain mail (curse)
rNeg   . . .     Faith    .     c - +0 shield
rPois  .         Spirit   +     r - +1 hat
rElec  .         Dismiss  .     (no cloak)
rCorr  .         Reflect  .     (no gloves)
SustAt .         Harm     .     (no boots)
MR     .....                    m - amulet of guardian spirit
Stlth  ..........               A - ring of protection from cold
                                i - ring of magical power

@: not resistant to hostile enchantments, extremely unstealthy
A: no striking features
a: no special abilities


You were in the Ecumenical Temple.
You were very hungry.

You visited 2 branches of the dungeon, and saw 6 of its levels.

You collected 173 gold pieces.

Inventory:

Hand Weapons
 a - a +0 war axe (weapon)
Missiles
 p - 3 poisoned javelins (quivered)
Armour
 b - a +0 scale mail
 c - a +0 shield (worn)
 r - a +1 hat (worn)
 y - a cursed +0 chain mail (worn)
Jewellery
 i - a ring of magical power (left hand)
 m - an amulet of guardian spirit (around neck)
 A - a ring of protection from cold (right hand)
Wands
 w - a wand of flame (7/48)
Scrolls
 g - 2 scrolls of fear {unknown}
 h - 9 scrolls of identify {unknown}
 j - a scroll of recharging {unknown}
 k - 2 scrolls of teleportation {unknown}
 n - a scroll of random uselessness {unknown}
 o - a scroll of amnesia {unknown}
 q - a scroll of blinking {unknown}
 v - a scroll of remove curse {unknown}
 x - 3 scrolls of fog {unknown}
Potions
 d - a potion of agility {unknown}
 e - 3 potions of flight
 s - a potion of curing
 t - a potion of cancellation
 z - a potion of invisibility {unknown}
Comestibles
 f - 2 bread rations
 l - 2 meat rations
 u - a slice of pizza


   Skills:
 * Level 7.5 Fighting
 + Level 8.2 Axes
 - Level 3.2 Armour
 - Level 3.2 Shields


You had 6 spell levels left.
You didn't know any spells.

Dungeon Overview and Level Annotations

Branches:
Dungeon (5/15)             Temple (1/1) D:5

Altars:
Ashenzari
Cheibriados
Dithmenos
Gozag
Kikubaaqudgha
Makhleb
Nemelex Xobeh
Okawaru
Pakellas
Ru
Yredelemnul
The Shining One


Message History

You are feeling very hungry.
There is a snail-covered altar of Cheibriados here.
Why would you want to do that? Why would you want to do that?
Why would you want to do that? Why would you want to do that?
Why would you want to do that? Why would you want to do that?
Why would you want to do that? Why would you want to do that?
Why would you want to do that? Why would you want to do that?
Why would you want to do that? Why would you want to do that?
Why would you want to do that?
Wear which item? (? for menu, Esc to quit)
Okay, then.
Are you sure you want to abandon this character and quit the game? (Confirm with "yes".)
Okay, then.
Are you sure you want to abandon this character and quit the game? (Confirm with "yes".)

##### ###...### #.......#
##.......## #.........#
#...._....#
########.........########
###...##.............##...##
#........≈≈@......≈≈........
##.......≈≈≈≈≈...≈≈≈≈≈.......
#.........≈≈≈≈≈≈≈≈≈≈≈........
#...._....≈≈≈≈≈≈≈≈≈≈≈....<...
#.........≈≈≈≈≈≈≈≈≈≈≈........
##.......≈≈≈≈≈≈≈≈≈≈≈≈≈.......
#.......≈≈≈≈≈≈≈≈≈≈≈≈≈.......
###...≈≈≈≈≈≈≈≈≈≈≈≈≈≈≈≈≈...##
##.≈≈≈≈≈≈≈≈≈≈≈≈≈≈≈≈≈≈≈.##


There were no monsters in sight!

Vanquished Creatures
  Edmund (D:4)
  Duvessa (D:4)
  Dowan (D:4)
  A scorpion (D:4)
  A giant frog zombie (D:5)
  A hound (D:4)
  A worker ant (D:3)
  7 gnolls
  11 adders
  An ooze (D:3)
  3 worms (D:2)
  5 dart slugs
  2 giant geckos
  An orc (D:3)
  3 ball pythons
  9 bats
  5 giant cockroaches
  10 goblins
  7 hobgoblins
  7 jackals
  2 quokkas
  2 giant newts
  4 kobolds
  4 rats
90 creatures vanquished.

Notes
Turn   | Place    | Note
--------------------------------------------------------------
     0 | D:1      | Northaan the Hill Orc Fighter began the quest for the Orb.
     0 | D:1      | Reached XP level 1. HP: 19/19 MP: 1/1
   132 | D:1      | Reached skill level 3 in Axes
   154 | D:1      | Reached XP level 2. HP: 27/27 MP: 2/2
   621 | D:2      | Reached skill level 4 in Axes
   621 | D:2      | Reached XP level 3. HP: 21/33 MP: 3/3
  1191 | D:2      | Reached XP level 4. HP: 41/41 MP: 4/4
  1470 | D:3      | Reached skill level 5 in Axes
  1650 | D:3      | Found a burning altar of Makhleb.
  1734 | D:3      | Reached XP level 5. HP: 39/47 MP: 5/5
  1777 | D:3      | Reached skill level 5 in Fighting
  1874 | D:4      | Reached skill level 6 in Axes
  2169 | D:3      | Reached XP level 6. HP: 46/56 MP: 6/6
  2173 | D:3      | Found a shattered altar of Ashenzari.
  2174 | D:3      | Found an iron altar of Okawaru.
  2175 | D:3      | Found a shadowy altar of Dithmenos.
  2177 | D:3      | Found a sacrificial altar of Ru.
  2332 | D:3      | Found an oddly glowing altar of Pakellas.
  2332 | D:3      | Noticed a cyan ugly thing
  2373 | D:4      | Noticed Edmund
  2382 | D:4      | Killed Edmund
  2382 | D:4      | Reached skill level 7 in Axes
  2687 | D:4      | Found an opulent altar of Gozag.
  2908 | D:4      | Noticed Dowan
  2911 | D:4      | Noticed Duvessa
  2925 | D:4      | Killed Duvessa
  2925 | D:4      | Reached XP level 7. HP: 42/64 MP: 7/7
  2925 | D:4      | Killed Dowan
  3121 | D:4      | Found an iron altar of Okawaru.
  3218 | D:4      | Reached skill level 8 in Axes
  3375 | D:5      | Entered Level 5 of the Dungeon
  3438 | D:5      | Found a staircase to the Ecumenical Temple.
  3487 | Temple   | Entered the Ecumenical Temple
  3550 | Temple   | Quit the game

Skill      XL: |  1  2  3  4  5  6  7 |
---------------+----------------------+-----
Axes           | 3 4 5 6 7 8 |  8.2
Fighting       | 4 5 6 7 |  7.5
Armour         | |  3.2
Shields        | |  3.2

Action                   |  1- 3 |  4- 6 |  7- 9 || total
-------------------------+-------+-------+-------++-------
Melee: War axe           |   121 |   185 |    33 ||   339
  Use: Potion            |       |     6 |       ||     6
  Eat: Chunk             |     1 |     5 |     2 ||     8
Armor: Scale mail        |    54 |    92 |     5 ||   151
       Chain mail        |       |       |     7 ||     7
Dodge: Dodged            |    35 |    62 |    11 ||   108
Block: Shield            |    72 |    79 |    17 ||   168
